 Dungeon Crawl Stone Soup version 0.31-a0-692-gf03d1854d5 (webtiles) character file.

Game seed: 12190505774626521374

38584 qw the Marksgargoyle (level 14, -1/91 HPs)
             Began as a Gargoyle Hunter on Sept 6, 2023.
             Was an Elder of Okawaru.
             Slain by a minotaur (15 damage)
             ... in a Gauntlet.
             The game lasted 00:07:48 (12760 turns).

qw the Marksgargoyle (Gargoyle Hunter)             Turns: 12760, Time: 00:07:49

Health: -1/91      AC: 27    Str: 14    XL:     14   Next: 2%
Magic:  21/21      EV: 18    Int: 10    God:    Okawaru [****..]
Gold:   723        SH:  0    Dex: 17    Spells: 13/13 levels left

rFire   + . .        Y - +1 arbalest (flame)
rCold   + . .        (shield currently unavailable)
rNeg    + . .        c - +4 robe of Wisdom {rPois rF+ Regen+ Str-4}
rPois   inf          e - +2 helmet of the Filigreed God {Str+2}
rElec   +            o - +2 cloak
rCorr   .            b - +1 pair of gloves
SInv    +            m - +0 pair of boots
Will    +....        (no amulet)
Stlth   +++          j - ring of see invisible
HPRegen 1.15/turn    p - ring of protection from cold
MPRegen 0.17/turn

%: no teleportation
@: heroic, flying
A: sickness immunity, AC +10, big wings, negative energy resistance 1,
electricity resistance, torment resistance 1, petrification resistance
a: Renounce Religion, Heroism, Finesse


You were in a Gauntlet.
You worshipped Okawaru.
Okawaru was greatly pleased with you.
You visited 3 branches of the dungeon, and saw 17 of its levels.
You also visited: Gauntlet.

You collected 1182 gold pieces.
You spent 459 gold pieces at shops.


Innate Abilities, Weirdness & Mutations

You are immune to sickness and miasma.
Your stone body is resilient. (AC +10)
You are immune to poison.
Your large and strong wings let you fly.
You resist negative energy. (rN+)
You are resistant to electric shocks. (rElec)
You are resistant to unholy torment.
You are immune to petrification.


   Skills:
 + Level 11.7(16.7) Fighting
 - Level 18.0(23.0) Ranged Weapons
 - Level 4.0(9.0) Armour
 - Level 6.0(11.0) Dodging
 - Level 1.1(6.1) Stealth
 - Level 10.0 Invocations


You had 13 spell levels left.
You didn't know any spells.
Your spell library was empty.

Inventory:

Hand Weapons
 Y - a +1 arbalest of flaming (weapon)
Armour
 b - a +1 pair of gloves (worn)
 c - the +4 robe of Wisdom (worn) {rPois rF+ Regen+ Str-4}
   (You bought it in a shop on level 3 of the Dungeon)

   Str-4:     It affects your strength (-4).
   rF+:       It protects you from fire.
   rPois:     It protects you from poison Regen+: It increases your rate of
   health regeneration.
 e - the +2 helmet of the Filigreed God (worn) {Str+2}
   (You found it on level 2 of the Dungeon)

   Str+2:     It affects your strength (+2).
 m - a +0 pair of boots (worn)
 o - a +2 cloak (worn)
Jewellery
 j - a ring of see invisible (left hand)
 k - a ring of resist corrosion
 p - a ring of protection from cold (right hand)
 r - the ring of the Greedy {rPois Will+}
   (You found it in a Gauntlet)

   [ring of willpower]

   rPois:     It protects you from poison Will+: It increases your willpower.
Wands
 q - a wand of digging (6)
Scrolls
 a - 4 scrolls of identify
 f - 6 scrolls of teleportation
Potions
 d - 3 potions of haste
 g - 3 potions of mutation
 h - a potion of might
 i - 4 potions of curing
 l - a potion of enlightenment
 n - a potion of cancellation

Dungeon Overview and Level Annotations

Branches:
Dungeon (11/15)            Temple (1/1) D:5            Lair (5/5) D:10
 Shoals (0/4) Lair:2        Snake (0/4) Lair:3        Slime (0/5) Lair:4
    Orc (0/2) D:10        Gauntlet (1/1)

Altars:
Ashenzari
Cheibriados
Dithmenos
Elyvilon
Fedhas
Gozag
Hepliaklqana
Kikubaaqudgha
Makhleb
Nemelex Xobeh
Okawaru
Qazlal
Ru
Sif Muna
Trog
Uskayaw
Vehumet
Wu Jian
Xom
Yredelemnul
Zin
The Shining One
Jiyva

Shops:
D:1 *   D:3 [   D:5 **   D:6 *   D:10 *

Annotations:
D:11 2 runed translucent doors Gauntlet 11 transporters, 2 runed translucent doors


Message History

You shoot a bolt.
The bolt hits the minotaur but does no damage.
You start resting.
A minotaur is nearby!
You shoot a bolt.
The bolt hits the minotaur but does no damage.
The minotaur hits you!!
The minotaur gores you but does no damage.
You shoot a bolt.
The bolt hits the minotaur but does no damage.
The minotaur completely misses you.
The minotaur gores you but does no damage.
You shoot a bolt.
The bolt hits the minotaur but does no damage.
The minotaur barely misses you. The minotaur gores you!
You shoot a bolt. The bolt hits the minotaur!
The bolt burns the minotaur.
The minotaur is lightly wounded.
The minotaur hits you! The minotaur barely misses you.
You shoot a bolt. The bolt barely misses the minotaur.
The minotaur hits you!
The minotaur gores you but does no damage.
You shoot a bolt. The bolt hits the minotaur!
The bolt burns the minotaur.
The minotaur is moderately wounded.
The minotaur closely misses you.
The minotaur gores you but does no damage.
You shoot a bolt.
The bolt completely misses the minotaur.
The minotaur closely misses you.
The minotaur gores you but does no damage.
You shoot a bolt. The bolt hits the minotaur!!
The bolt burns the minotaur!
The minotaur is severely wounded.
The minotaur hits you! The minotaur gores you.
You shoot a bolt.
The bolt hits the minotaur but does no damage.
The minotaur is severely wounded.
The minotaur hits you! The minotaur misses you.
You shoot a bolt. The bolt hits the minotaur!
The bolt burns the minotaur.
The minotaur is almost dead.
The minotaur hits you!
You die...

### ~~~ ~\ .. ###.
... ######H#######
.......@.....#
.###.###.###.#
#.###.###.#
............#
#.###.###.###
#####.###.###.#####
##~...............~##
#~~..8^8^8^8^8^8..~~#
#~...............~##


You could see a minotaur.

Vanquished Creatures
  A hydra (Lair:2)
  2 two-headed ogres
  7 death yaks
  A soul eater (Gauntlet)
  A skyshark (Lair:2)
  An oklob plant (Lair:4)
  7 black mambas
  16 elephants
  A rime drake (Lair:1)
  10 cane toads
  8 komodo dragons
  3 polar bears
  2 hornets
  6 dream sheep (Lair:5)
  3 blink frogs (Lair:5)
  Sigmund (D:3)
  2 slime creatures (Lair:4)
  A vampire (D:9)
  33 yaks
  2 wraiths
  3 wyverns
  10 basilisks
  A steam dragon (D:8)
  3 wargs (D:10)
  20 water moccasins
  3 orc warriors
  2 black bears
  An ogre (D:5)
  19 wolves
  8 centaurs
  3 phantoms
  Blork the orc (D:5)
  7 bullfrogs
  3 kobold brigands
  3 scorpions
  A wight (D:8)
  A killer bee (D:8)
  18 howler monkeys
  9 jellies
  2 hounds
  7 orc priests
  4 sleepcaps
  Jessica (D:3)
  6 hell rats (Lair:2)
  An iguana (D:6)
  16 orc wizards
  4 gnolls (D:7)
  6 adders
  4 shadow imps
  4 white imps
  2 ufetubi
  8 dart slugs
  38 orcs
  6 ball pythons
  8 endoplasms
  3 giant cockroaches
  4 goblins
  7 hobgoblins
  4 quokkas
  6 bats
  6 frilled lizards
  14 kobolds
  8 rats
393 creatures vanquished.

Notes
Turn   | Place    | Note
-------+----------+-------------------------------------------
     0 | D:1      | qw the Gargoyle Hunter began the quest for the Orb.
     0 | D:1      | Reached XP level 1. HP: 12/12 MP: 1/1
     0 | D:1      | 0 ||| qw: Version: 0.3-a-76-g4403597
     0 | D:1      | 0 ||| qw: Game counter: 227
     0 | D:1      | 0 ||| qw: Melee chars always use a shield: true
     0 | D:1      | 0 ||| qw: God list: Okawaru
     0 | D:1      | 0 ||| qw: Allow faded altars: false
     0 | D:1      | 0 ||| qw: Do Orc after clearing Dungeon:15 true
     0 | D:1      | 0 ||| qw: Do second Lair branch before Depths: true
     0 | D:1      | 0 ||| qw: Lair rune preference: random
     0 | D:1      | 0 ||| qw: Goals: Normal
     0 | D:1      | 0 ||| PLANNING D:1-11
    92 | D:1      | Reached XP level 2. HP: 9/17 MP: 2/2
   195 | D:1      | Found Jezulosk's General Store.
   217 | D:1      | 217 ||| BUYING +0 ring mail (56 gold).
   217 | D:1      | Bought a +0 ring mail for 56 gold pieces
   217 | D:1      | 217 ||| SHOPLISTING +1 pair of gloves of stealth (231 gold,
                  | have 50).
   217 | D:1      | 217 ||| SHOPLISTING scroll of enchant armour (105 gold,
                  | have 50).
   486 | D:1      | Reached XP level 3. HP: 21/21 MP: 3/3
   529 | D:1      | Reached skill level 5 in Ranged Weapons
   618 | D:1      | Found a faded altar of an unknown god.
   689 | D:1      | 689 ||| UPGRADING to +0 ring mail.
   699 | D:1      | 699 ||| DROPPING +0 leather armour.
   700 | D:1      | 700 ||| UPGRADING to ring of see invisible.
   701 | D:1      | 701 ||| READING 6 scrolls labelled RAYDAD JONIOK.
   702 | D:1      | 702 ||| READING 2 scrolls labelled YLOURCH LEYHAID.
   706 | D:1      | 706 ||| READING scroll labelled UHAYLE KIDGH.
   707 | D:1      | 707 ||| READING scroll labelled LIC JOL MALECI.
   708 | D:1      | 708 ||| READING 5 scrolls of identify.
   708 | D:1      | 708 ||| IDENTIFYING dark potion
   709 | D:1      | 709 ||| READING 4 scrolls of identify.
   709 | D:1      | 709 ||| IDENTIFYING inky potion
   710 | D:1      | 710 ||| DROPPING scroll of butterflies.
   711 | D:1      | 711 ||| DROPPING potion of lignification.
   712 | D:1      | 712 ||| DROPPING potion of magic.
   818 | D:2      | Reached skill level 1 in Armour
  1037 | D:2      | Reached XP level 4. HP: 27/27 MP: 4/4
  1049 | D:2      | Reached skill level 3 in Fighting
  1322 | D:2      | Identified the +2 helmet of the Filigreed God {Str+2}
  1390 | D:2      | 1390 ||| UPGRADING to +0 pair of gloves.
  1395 | D:2      | 1395 ||| UPGRADING to +2 helmet of the Filigreed God
                  | {Str+2}.
  1400 | D:2      | 1400 ||| READING scroll labelled VABUXT WYISUF.
  1401 | D:2      | 1401 ||| READING scroll labelled VYUFUA GAHEU.
  1402 | D:2      | 1402 ||| READING scroll labelled XUWNEYXZEL.
  1474 | D:3      | 1474 ||| Stepping ~*~*~tactically~*~*~ (retreating).
  1475 | D:3      | 1475 ||| Stepping ~*~*~tactically~*~*~ (retreating).
  1565 | D:3      | Reached XP level 5. HP: 32/32 MP: 5/5
  1680 | D:3      | Found Sifeeguj's Antique Armour Boutique.
  1683 | D:3      | Noticed Sigmund
  1691 | D:3      | Killed Sigmund
  1692 | D:3      | Reached skill level 7 in Ranged Weapons
  1692 | D:3      | Reached XP level 6. HP: 37/37 MP: 6/6
  1694 | D:3      | 1694 ||| SHOPLISTING encrusted cloak (275 gold, have 225).
  1694 | D:3      | 1694 ||| SHOPLISTING quicksilver dragon scales (1740 gold,
                  | have 225).
  1694 | D:3      | 1694 ||| BUYING smoking robe (165 gold).
  1694 | D:3      | Bought a smoking robe for 165 gold pieces
  1694 | D:3      | Identified the +4 robe of Wisdom {rPois rF+ Regen+ Str-4}
                  | (You bought it in a shop on level 3 of the Dungeon)
  1735 | D:3      | Noticed Jessica
  1736 | D:3      | 1736 ||| UPGRADING to +4 robe of Wisdom {rPois rF+ Regen+
                  | Str-4}.
  1749 | D:3      | Killed Jessica
  1750 | D:3      | 1750 ||| DROPPING +0 ring mail.
  1894 | D:3      | Identified the +3 whip of the Dripping Gods {freeze, rElec
                  | rPois}
  2065 | D:3      | Found a hazy altar of Hepliaklqana.
  2066 | D:3      | Found a shimmering altar of Xom.
  2067 | D:3      | Noticed a spectral ugly thing
  2178 | D:3      | 2178 ||| READING scroll labelled NOG LIGRUO.
  2179 | D:3      | 2179 ||| DRINKING 2 fizzy coppery potions.
  2188 | D:3      | 2188 ||| READING 4 scrolls of identify.
  2188 | D:3      | 2188 ||| IDENTIFYING yellow potion
  2189 | D:3      | 2189 ||| DROPPING potion of ambrosia.
  2482 | D:4      | Found an ancient bone altar of Kikubaaqudgha.
  2530 | D:4      | Reached XP level 7. HP: 27/43 MP: 7/7
  2535 | D:4      | 2535 ||| FLEEEEING.
  2536 | D:4      | 2536 ||| FLEEEEING.
  2538 | D:4      | 2538 ||| FLEEEEING.
  2539 | D:4      | 2539 ||| FLEEEEING.
  2544 | D:4      | 2544 ||| FLEEEEING.
  2711 | D:4      | 2711 ||| Stepping ~*~*~tactically~*~*~ (outnumbered).
  2712 | D:4      | 2712 ||| Stepping ~*~*~tactically~*~*~ (outnumbered).
  3038 | D:4      | Reached skill level 8 in Ranged Weapons
  3263 | D:4      | 3263 ||| READING scroll labelled HYIKIL XOXT.
  3272 | D:4      | 3272 ||| READING scroll labelled UXAFFYOD LEUFF.
  3273 | D:4      | 3273 ||| READING 4 scrolls of identify.
  3273 | D:4      | 3273 ||| IDENTIFYING orange potion
  3274 | D:4      | 3274 ||| READING 3 scrolls of identify.
  3274 | D:4      | 3274 ||| IDENTIFYING bubbling cyan potion
  3275 | D:4      | 3275 ||| READING 2 scrolls of identify.
  3275 | D:4      | 3275 ||| IDENTIFYING silvery potion
  3276 | D:4      | 3276 ||| DROPPING potion of berserk rage.
  3284 | D:5      | Entered Level 5 of the Dungeon
  3290 | D:5      | Noticed Blork the orc
  3301 | D:5      | Killed Blork the orc
  3393 | D:5      | Reached XP level 8. HP: 49/49 MP: 8/8
  3406 | D:5      | Found a staircase to the Ecumenical Temple.
  3407 | D:5      | 3407 ||| PLANNING TEMPLE
  3415 | Temple   | Entered the Ecumenical Temple
  3416 | Temple   | 3416 ||| PLANNING OKAWARU WORSHIP
  3438 | Temple   | Became a worshipper of Warmaster Okawaru
  3439 | Temple   | 3439 ||| PLANNING D:1-11
  3513 | D:5      | Found the +8 demon trident "Rift" {distort, reach+}
  3530 | D:5      | 3530 ||| RETREATING.
  3535 | D:5      | 3535 ||| Stepping ~*~*~tactically~*~*~ (retreating).
  3537 | D:5      | 3537 ||| RETREATING.
  3538 | D:5      | 3538 ||| Stepping ~*~*~tactically~*~*~ (retreating).
  3540 | D:5      | 3540 ||| Stepping ~*~*~tactically~*~*~ (retreating).
  3551 | D:5      | Reached skill level 9 in Ranged Weapons
  3685 | D:5      | Found Ilelocan's Elemental Accessories.
  3699 | D:5      | Found a stormy altar of Qazlal.
  3795 | D:5      | Reached skill level 6 in Fighting
  3807 | D:5      | Found Qezocuell's Assorted Antiques.
  3815 | D:5      | 3815 ||| BUYING scroll labelled QOTSYH CILL (30 gold).
  3815 | D:5      | Bought a scroll labelled QOTSYH CILL for 30 gold pieces
  3815 | D:5      | 3815 ||| SHOPLISTING scroll of enchant armour (225 gold,
                  | have 153).
  3815 | D:5      | 3815 ||| BUYING scroll of teleportation (90 gold).
  3815 | D:5      | Bought a scroll of teleportation for 90 gold pieces
  3990 | D:5      | Found an opulent altar of Gozag.
  3990 | D:5      | Found a glowing silver altar of Zin.
  4078 | D:5      | 4078 ||| UPGRADING to +0 pair of boots.
  4083 | D:5      | 4083 ||| READING scroll labelled QOTSYH CILL.
  4111 | D:6      | 4111 ||| STAIRDANCE
  4162 | D:6      | Reached * piety under Okawaru
  4163 | D:6      | Reached skill level 10 in Ranged Weapons
  4220 | D:6      | Reached skill level 1 in Invocations
  4269 | D:6      | 4269 ||| INVOKING Heroism.
  4278 | D:6      | Reached XP level 9. HP: 55/55 MP: 6/10
  4493 | D:6      | Found Dog Dila's General Store.
  4505 | D:6      | 4505 ||| SHOPLISTING ring of protection from cold (300
                  | gold, have 77).
  4505 | D:6      | 4505 ||| BUYING scroll of identify (24 gold).
  4505 | D:6      | Bought a scroll of identify for 24 gold pieces
  4505 | D:6      | 4505 ||| BUYING scroll of identify (24 gold).
  4505 | D:6      | Bought a scroll of identify for 24 gold pieces
  4505 | D:6      | 4505 ||| SHOPLISTING scroll of teleportation (36 gold, have
                  | 29).
  4587 | D:6      | Reached skill level 3 in Invocations
  4861 | D:6      | 4861 ||| UPGRADING to ring of protection from cold.
  4862 | D:6      | 4862 ||| READING scroll labelled XOEQA HOWEQE.
  4863 | D:6      | 4863 ||| DRINKING 2 white potions.
  4864 | D:6      | 4864 ||| READING 4 scrolls of identify.
  4864 | D:6      | 4864 ||| IDENTIFYING fizzy inky potion
  4865 | D:6      | 4865 ||| READING 3 scrolls of identify.
  4865 | D:6      | 4865 ||| IDENTIFYING black potion
  4866 | D:6      | 4866 ||| READING 2 scrolls of identify.
  4866 | D:6      | 4866 ||| IDENTIFYING murky dark potion
  4867 | D:6      | 4867 ||| DROPPING potion of degeneration.
  5093 | D:7      | Reached skill level 3 in Dodging
  5112 | D:7      | 5112 ||| INVOKING Heroism.
  5275 | D:7      | 5275 ||| Stepping ~*~*~tactically~*~*~ (outnumbered).
  5325 | D:7      | 5325 ||| Stepping ~*~*~tactically~*~*~ (outnumbered).
  5698 | D:7      | 5698 ||| READING scroll labelled JAEPID UCATT.
  5699 | D:7      | 5699 ||| READING 2 scrolls of identify.
  5699 | D:7      | 5699 ||| IDENTIFYING fizzy silvery potion
  5700 | D:7      | 5700 ||| DROPPING potion of attraction.
  5718 | D:8      | 5718 ||| INVOKING Heroism.
  5763 | D:8      | 5763 ||| Stepping ~*~*~tactically~*~*~ (outnumbered).
  5822 | D:8      | 5822 ||| Stepping ~*~*~tactically~*~*~ (outnumbered).
  5829 | D:8      | Noticed a two-headed ogre
  5830 | D:8      | 5830 ||| INVOKING Heroism.
  5844 | D:8      | Killed a two-headed ogre
  5844 | D:8      | Reached ** piety under Okawaru
  5845 | D:8      | Reached skill level 11 in Ranged Weapons
  5845 | D:8      | Reached XP level 10. HP: 38/63 MP: 11/13
  5886 | D:8      | 5886 ||| INVOKING Heroism.
  5895 | D:8      | 5895 ||| Stepping ~*~*~tactically~*~*~ (retreating).
  5898 | D:8      | 5898 ||| Stepping ~*~*~tactically~*~*~ (retreating).
  5899 | D:8      | 5899 ||| Stepping ~*~*~tactically~*~*~ (retreating).
  5900 | D:8      | 5900 ||| Stepping ~*~*~tactically~*~*~ (retreating).
  5916 | D:8      | 5916 ||| INVOKING Heroism.
  6006 | D:8      | Found a bloodstained altar of Trog.
  6006 | D:8      | Found a white marble altar of Elyvilon.
  6167 | D:8      | 6167 ||| Stepping ~*~*~tactically~*~*~ (outnumbered).
  6169 | D:8      | 6169 ||| Stepping ~*~*~tactically~*~*~ (outnumbered).
  6171 | D:8      | 6171 ||| Stepping ~*~*~tactically~*~*~ (outnumbered).
  6263 | D:8      | 6263 ||| INVOKING Heroism.
  6266 | D:8      | Reached skill level 12 in Ranged Weapons
  6491 | D:8      | Found a shimmering blue altar of Sif Muna.
  6666 | D:9      | Noticed a two-headed ogre
  6667 | D:9      | 6667 ||| INVOKING Heroism.
  6676 | D:9      | Killed a two-headed ogre
  6802 | D:9      | 6802 ||| FLEEEEING.
  6803 | D:9      | 6803 ||| FLEEEEING.
  6804 | D:9      | 6804 ||| FLEEEEING.
  6831 | D:9      | 6831 ||| INVOKING Heroism.
  6916 | D:9      | 6916 ||| RETREATING.
  6918 | D:9      | 6918 ||| Stepping ~*~*~tactically~*~*~ (retreating).
  6939 | D:9      | Reached *** piety under Okawaru
  6992 | D:9      | 6992 ||| RETREATING.
  7006 | D:9      | Reached skill level 13 in Ranged Weapons
  7023 | D:9      | 7023 ||| INVOKING Heroism.
  7042 | D:9      | Reached skill level 9 in Fighting
  7042 | D:9      | Reached XP level 11. HP: 54/71 MP: 12/14
  7319 | D:9      | 7319 ||| READING scroll of enchant armour.
  7319 | D:9      | 7319 ||| ENCHANTING +0 pair of gloves.
  7366 | D:9      | Found an ornate altar of the Wu Jian Council.
  7556 | D:9      | 7556 ||| SWAPPING to +0 arbalest.
  7557 | D:9      | 7557 ||| DROPPING +1 shortbow.
  7712 | D:9      | 7712 ||| READING scroll labelled DORCHA PIACLOIF.
  7740 | D:10     | Entered Level 10 of the Dungeon
  7749 | D:10     | Reached **** piety under Okawaru
  7832 | D:10     | Found a staircase to the Orcish Mines.
  7833 | D:10     | 7833 ||| INVOKING Heroism.
  7847 | D:10     | 7847 ||| RETREATING.
  7860 | D:10     | Found a staircase to the Lair.
  7972 | D:10     | Found Junehal's General Store.
  7973 | D:10     | 7973 ||| Stepping ~*~*~tactically~*~*~ (outnumbered).
  7975 | D:10     | 7975 ||| Stepping ~*~*~tactically~*~*~ (outnumbered).
  7993 | D:10     | 7993 ||| BUYING scroll of identify (28 gold).
  7993 | D:10     | Bought a scroll of identify for 28 gold pieces
  7993 | D:10     | 7993 ||| BUYING scroll of teleportation (42 gold).
  7993 | D:10     | Bought a scroll of teleportation for 42 gold pieces
  7996 | D:10     | Identified the +4 chain mail of Pride {rF+}
  8042 | D:10     | 8042 ||| Stepping ~*~*~tactically~*~*~ (outnumbered).
  8044 | D:10     | 8044 ||| INVOKING Heroism.
  8055 | D:10     | Reached skill level 14 in Ranged Weapons
  8125 | D:10     | Found a glowing golden altar of the Shining One.
  8264 | D:10     | Found a sacrificial altar of Ru.
  8426 | D:10     | 8426 ||| RETREATING.
  8427 | D:10     | 8427 ||| Stepping ~*~*~tactically~*~*~ (outnumbered).
  8430 | D:10     | 8430 ||| Stepping ~*~*~tactically~*~*~ (retreating).
  8435 | D:10     | 8435 ||| Stepping ~*~*~tactically~*~*~ (retreating).
  8436 | D:10     | 8436 ||| Stepping ~*~*~tactically~*~*~ (retreating).
  8437 | D:10     | 8437 ||| INVOKING Heroism.
  8438 | D:10     | 8438 ||| Stepping ~*~*~tactically~*~*~ (retreating).
  8440 | D:10     | HP: 14/71 [orc priest/divine providence (17)]
  8441 | D:10     | 8441 ||| READING 6 scrolls of teleportation.
  8442 | D:10     | 8442 ||| DRINKING potion of heal wounds.
  8446 | D:10     | Reached skill level 3 in Armour
  8565 | D:10     | 8565 ||| READING 2 scrolls of identify.
  8565 | D:10     | 8565 ||| IDENTIFYING viscous cyan potion
  8566 | D:10     | 8566 ||| DROPPING potion of brilliance.
  8631 | D:11     | Identified the +11 whip "Gemymaom" {drain, rN+}
  8647 | D:11     | Found a runed translucent door.
  8654 | D:11     | Found the +10 tower shield of Ignorance {rN+ Int-4}
  8661 | D:11     | 8661 ||| READING scroll labelled GEUNTU XUMAOZOEDGH.
  8662 | D:11     | Found a runed translucent door.
  8666 | D:11     | Noticed an orange crystal statue
  8671 | D:10     | 8671 ||| PLANNING LAIR
  8724 | Lair:1   | Entered Level 1 of the Lair of Beasts
  8729 | Lair:1   | 8729 ||| INVOKING Heroism.
  8803 | Lair:1   | 8803 ||| INVOKING Heroism.
  8826 | Lair:1   | 8826 ||| INVOKING Heroism.
  8828 | Lair:1   | 8828 ||| RETREATING.
  9194 | Lair:1   | 9194 ||| INVOKING Heroism.
  9405 | Lair:1   | 9405 ||| DROPPING ring of wizardry.
  9436 | Lair:2   | 9436 ||| INVOKING Heroism.
  9442 | Lair:2   | Reached skill level 6 in Invocations
  9455 | Lair:2   | 9455 ||| RETREATING.
  9455 | Lair:2   | Noticed a skyshark
  9458 | Lair:2   | 9458 ||| Stepping ~*~*~tactically~*~*~ (retreating).
  9473 | Lair:2   | Killed a skyshark
  9476 | Lair:2   | 9476 ||| INVOKING Heroism.
  9480 | Lair:2   | HP: 12/72 [cane toad (18)]
  9481 | Lair:2   | 9481 ||| READING 6 scrolls of teleportation.
  9481 | Lair:2   | HP: 1/72 [cane toad (11)]
  9490 | Lair:2   | 9490 ||| READING 5 scrolls of teleportation.
  9633 | Lair:2   | 9633 ||| Stepping ~*~*~tactically~*~*~ (retreating).
  9634 | Lair:2   | 9634 ||| Stepping ~*~*~tactically~*~*~ (retreating).
  9635 | Lair:2   | 9635 ||| Stepping ~*~*~tactically~*~*~ (retreating).
  9636 | Lair:2   | 9636 ||| Stepping ~*~*~tactically~*~*~ (retreating).
  9644 | Lair:2   | Reached XP level 12. HP: 66/77 MP: 17/17
  9802 | Lair:2   | Noticed an eight-headed hydra
  9803 | Lair:2   | 9803 ||| INVOKING Heroism.
  9807 | Lair:2   | Killed an eight-headed hydra
  9934 | Lair:2   | Noticed a death yak
  9935 | Lair:2   | 9935 ||| RETREATING.
  9935 | Lair:2   | Noticed a death yak
  9935 | Lair:2   | Noticed a death yak
  9938 | Lair:2   | 9938 ||| Stepping ~*~*~tactically~*~*~ (retreating).
  9939 | Lair:2   | 9939 ||| Stepping ~*~*~tactically~*~*~ (retreating).
  9940 | Lair:2   | 9940 ||| Stepping ~*~*~tactically~*~*~ (retreating).
  9941 | Lair:2   | 9941 ||| Stepping ~*~*~tactically~*~*~ (retreating).
  9942 | Lair:2   | 9942 ||| Stepping ~*~*~tactically~*~*~ (retreating).
  9943 | Lair:2   | 9943 ||| Stepping ~*~*~tactically~*~*~ (retreating).
  9944 | Lair:2   | 9944 ||| Stepping ~*~*~tactically~*~*~ (retreating).
  9945 | Lair:2   | 9945 ||| Stepping ~*~*~tactically~*~*~ (retreating).
  9946 | Lair:2   | 9946 ||| Stepping ~*~*~tactically~*~*~ (retreating).
  9947 | Lair:2   | 9947 ||| Stepping ~*~*~tactically~*~*~ (retreating).
  9948 | Lair:2   | 9948 ||| INVOKING Heroism.
  9958 | Lair:2   | Killed a death yak
  9958 | Lair:2   | Noticed a death yak
  9962 | Lair:2   | Killed a death yak
  9968 | Lair:2   | HP: 12/77 [death yak (8)]
  9969 | Lair:2   | 9969 ||| READING 4 scrolls of teleportation.
  9970 | Lair:2   | 9970 ||| DRINKING potion of heal wounds.
  9973 | Lair:2   | Killed a death yak
 10017 | Lair:2   | 10017 ||| INVOKING Heroism.
 10026 | Lair:2   | Killed a death yak
 10027 | Lair:2   | Reached skill level 15 in Ranged Weapons
 10027 | Lair:2   | Reached ***** piety under Okawaru
 10074 | Lair:2   | Found a staircase to the Shoals.
 10191 | Lair:2   | Reached skill level 9 in Invocations
 10303 | Lair:2   | 10303 ||| DROPPING +2 helmet.
 10304 | Lair:2   | 10304 ||| READING 2 scrolls of identify.
 10304 | Lair:2   | 10304 ||| IDENTIFYING purple potion
 10344 | Lair:3   | 10344 ||| RETREATING.
 10361 | Lair:3   | 10361 ||| INVOKING Heroism.
 10412 | Lair:3   | Found a staircase to the Snake Pit.
 10455 | Lair:3   | 10455 ||| INVOKING Heroism.
 10780 | Lair:3   | 10780 ||| RETREATING.
 10807 | Lair:3   | 10807 ||| RETREATING.
 11208 | Lair:4   | Reached skill level 16 in Ranged Weapons
 11264 | Lair:4   | 11264 ||| INVOKING Heroism.
 11305 | Lair:4   | 11305 ||| FLEEEEING.
 11306 | Lair:4   | 11306 ||| FLEEEEING.
 11307 | Lair:4   | 11307 ||| FLEEEEING.
 11308 | Lair:4   | 11308 ||| FLEEEEING.
 11309 | Lair:4   | 11309 ||| FLEEEEING.
 11310 | Lair:4   | 11310 ||| FLEEEEING.
 11311 | Lair:4   | 11311 ||| FLEEEEING.
 11312 | Lair:4   | 11312 ||| FLEEEEING.
 11333 | Lair:4   | Reached XP level 13. HP: 83/83 MP: 20/20
 11339 | Lair:4   | 11339 ||| INVOKING Heroism.
 11340 | Lair:4   | 11340 ||| INVOKING Finesse.
 11393 | Lair:4   | 11393 ||| INVOKING Heroism.
 11394 | Lair:4   | 11394 ||| RETREATING.
 11395 | Lair:4   | 11395 ||| INVOKING Finesse.
 11470 | Lair:4   | Identified the +0 ring mail of Dishonour {rF++} (Okawaru
                  | gifted it to you on level 4 of the Lair of Beasts)
 11470 | Lair:4   | Received a gift from Okawaru
 11486 | Lair:4   | 11486 ||| RETREATING.
 11488 | Lair:4   | 11488 ||| Stepping ~*~*~tactically~*~*~ (retreating).
 11557 | Lair:4   | 11557 ||| INVOKING Heroism.
 11558 | Lair:4   | 11558 ||| INVOKING Finesse.
 11570 | Lair:4   | Reached skill level 17 in Ranged Weapons
 11592 | Lair:4   | 11592 ||| RETREATING.
 11672 | Lair:4   | Found a viscous altar of Jiyva.
 11672 | Lair:4   | Found a staircase to the Slime Pits.
 11684 | Lair:4   | Reached skill level 6 in Dodging
 11710 | Lair:4   | 11710 ||| READING scroll of enchant weapon.
 11710 | Lair:4   | 11710 ||| ENCHANTING +0 arbalest of flaming.
 11845 | Lair:4   | 11845 ||| RETREATING.
 11854 | Lair:4   | 11854 ||| FLEEEEING.
 11855 | Lair:4   | 11855 ||| FLEEEEING.
 12102 | Lair:4   | 12102 ||| UPGRADING to +2 cloak.
 12107 | Lair:4   | 12107 ||| DROPPING +0 ring mail of Dishonour {rF++}.
 12124 | Lair:5   | Entered Level 5 of the Lair of Beasts
 12125 | Lair:5   | 12125 ||| PLANNING GAUNTLET
 12125 | Lair:5   | 12125 ||| INVOKING Heroism.
 12128 | Lair:5   | 12128 ||| STAIRDANCE
 12141 | Lair:5   | 12141 ||| STAIRDANCE
 12145 | Lair:4   | 12145 ||| Stepping ~*~*~tactically~*~*~ (retreating).
 12146 | Lair:4   | 12146 ||| Stepping ~*~*~tactically~*~*~ (retreating).
 12147 | Lair:4   | 12147 ||| Stepping ~*~*~tactically~*~*~ (retreating).
 12148 | Lair:4   | 12148 ||| Stepping ~*~*~tactically~*~*~ (retreating).
 12157 | Lair:4   | 12157 ||| INVOKING Heroism.
 12181 | Lair:5   | 12181 ||| STAIRDANCE
 12191 | Lair:5   | 12191 ||| STAIRDANCE
 12229 | Lair:5   | 12229 ||| STAIRDANCE
 12260 | Lair:5   | 12260 ||| INVOKING Heroism.
 12261 | Lair:5   | 12261 ||| RETREATING.
 12296 | Lair:5   | 12296 ||| INVOKING Heroism.
 12317 | Lair:5   | Reached skill level 18 in Ranged Weapons
 12338 | Lair:5   | 12338 ||| INVOKING Heroism.
 12350 | Lair:5   | HP: 20/84 [wolf (6)]
 12351 | Lair:5   | 12351 ||| READING 5 scrolls of teleportation.
 12353 | Lair:5   | 12353 ||| INVOKING Heroism.
 12367 | Lair:5   | Gained mutation: Your large and strong wings let you fly.
                  | [Gargoyle growth]
 12367 | Lair:5   | Reached XP level 14. HP: 37/90 MP: 21/21
 12508 | Lair:5   | Found a gate leading to a gauntlet.
 12510 | Lair:5   | 12510 ||| READING 5 scrolls of identify.
 12510 | Lair:5   | 12510 ||| IDENTIFYING viscous purple potion
 12511 | Lair:5   | 12511 ||| DROPPING potion of invisibility.
 12520 | Gauntlet | Entered a Gauntlet
 12520 | Gauntlet | Found a transporter.
 12532 | Gauntlet | Found a transporter.
 12535 | Gauntlet | Found a transporter.
 12536 | Gauntlet | Found a transporter.
 12547 | Gauntlet | Found a transporter.
 12548 | Gauntlet | Found a transporter.
 12549 | Gauntlet | Found a transporter.
 12561 | Gauntlet | Found a transporter.
 12562 | Gauntlet | Found a transporter.
 12566 | Gauntlet | Found a transporter.
 12568 | Gauntlet | Found a runed translucent door.
 12570 | Gauntlet | Found a transporter.
 12570 | Gauntlet | Found a runed translucent door.
 12573 | Gauntlet | Found a transporter.
 12574 | Gauntlet | Found a transporter.
 12585 | Gauntlet | Found a transporter.
 12685 | Gauntlet | 12685 ||| INVOKING Heroism.
 12722 | Gauntlet | Identified the ring of the Greedy {rPois Will+}
 12746 | Gauntlet | 12746 ||| INVOKING Heroism.
 12758 | Gauntlet | HP: 22/91 [minotaur (12)]
 12760 | Gauntlet | Slain by a minotaur

Levels and vault maps discovered:
D:1:      lemuel_arrival_behind_the_door_large, layout_basic, serial_shops,
          shop_coins, basic_ecumenical_altar
D:2:      minmay_door_path, layout_basic
D:3:      layout_basic, regret_index_temple_of_mockery, serial_shops,
          nicolae_shop_tiny_real_fake_doors, roderic_lattice_a,
          kennysheep_generic_room_2, uniq_jessica, uniq_sigmund
D:4:      layout_basic, kiku_gazebo_pond_becter, nicolae_hexahallways,
          grunt_ministairs_7, hangedman_decor_peaks_small, hellmonk_no_cap
D:5:      layout_basic, grunt_temple_overflow_gold_and_silver,
          kennysheep_mini_moat, minmay_temple_entry_trees, serial_shops,
          nicolae_shop_trees, chequers_serial_rivers_micro_e,
          nicolae_elemental_shop, minmay_chambers_of_fives, uniq_blork_the_orc
D:6:      minmay_inner_zag, layout_loops_cross, serial_shops, nicolae_shop_stone
D:7:      layout_loops_corners
D:8:      minmay_angry_zag, layout_rooms, tgw_sif,
          gammafunk_temple_overflow_elements, chequers_mini_garden,
          kennysheep_generic_room_3
D:9:      layout_basic, nicolae_wu_jian_glorious_leap
D:10:     layout_stronghold, kennysheep_mini, nicolae_overflow_hidden_temple,
          erik_lair_orcish_takeover, minmay_orc_entry_temple_small,
          serial_shops, nicolae_shop_statue_plus
D:11:     layout_loops_cross, chequers_guarded_unrand_ignorance
Temple:   cyrus_temple_forest
Lair:1:   layout_gridlike, chequers_serial_rivers_small_3, grunt_megastairs_4
Lair:2:   layout_chaotic_city, minmay_shoals_entry_centaurs, grunt_megastairs_5
Lair:3:   layout_gridlike, minmay_snake_entry_six_corridors, lemuel_fruit_fields
Lair:4:   layout_gridlike, minmay_slime_entry_pillars, grunt_megastairs_3
Lair:5:   cheibrodos_lair_end_hotspot, layout_cave_shapes,
          gauntlet_entry_generic, serial_bayou_pond_d
Gauntlet: gammafunk_gauntlet_77_escape_option [minmay_gauntlet_arena_77_museum,
          minmay_gauntlet_arena_77_p_blocks, minmay_gauntlet_arena_77_two_lines,
          minmay_gauntlet_arena_77_cramped, minmay_gauntlet_arena_77_box,
          gauntlet_exit_watery]

Skill      XL: |  1  2  3  4  5  6  7  8  9 10 11 12 13 |
---------------+----------------------------------------+-----
Ranged Weapons | 5 7 8 10 11 13 14 16 18 | 18.0
Armour         | 1 2 3 4 |  4.0
Fighting       | 3 4 5 6 7 9 10 11 | 11.7
Dodging        | 2 3 4 5 6 |  6.0
Invocations    | 2 4 7 10 | 10.0
Stealth        | |  1.1

Action                     |  1- 3 |  4- 6 |  7- 9 | 10-12 | 13-15 || total
---------------------------+-------+-------+-------+-------+-------++-------
   Fire: Shortbow          |   109 |   148 |   432 |   330 |       ||  1019
         Arbalest          |       |       |       |   458 |   398 ||   856
 Invoke: Heroism           |       |       |     4 |    21 |    11 ||    36
         Finesse           |       |       |       |       |     3 ||     3
    Use: Scroll            |     6 |     5 |    12 |     9 |     3 ||    35
         Potion            |       |     1 |     1 |     2 |       ||     4
 Armour: Leather armour    |    15 |       |       |       |       ||    15
         Ring mail         |     7 |    51 |       |       |       ||    58
         Robe              |       |     8 |   117 |   332 |   295 ||   752
         Skin              |       |     1 |       |       |       ||     1
  Dodge: Dodged            |    24 |    47 |   119 |   382 |   425 ||   997

Table legend:
 A = Non-vault XP
 B = Vault XP
 C = Vault XP percentage of total XP
 D = Non-vault monster count
 E = Vault monster count
 F = Vault count percentage of total count
                 A         B        C        D         E       F
            +---------+---------+-------+---------+---------+-------
      Total |   42997 |   12123 |  22.0 |     306 |      87 |  22.1
            +---------+---------+-------+---------+---------+-------
        D:1 |      41 |       0 |   0.0 |      25 |       0 |   0.0
        D:2 |      46 |      14 |  23.3 |      19 |       4 |  17.4
        D:3 |     103 |     277 |  72.9 |      15 |       3 |  16.7
        D:4 |     299 |     126 |  29.6 |      23 |       4 |  14.8
        D:5 |     700 |     388 |  35.7 |      11 |       6 |  35.3
        D:6 |     545 |     230 |  29.7 |       9 |       5 |  35.7
        D:7 |     969 |       0 |   0.0 |      28 |       0 |   0.0
        D:8 |    1837 |     553 |  23.1 |      22 |       7 |  24.1
        D:9 |    3848 |       0 |   0.0 |      19 |       0 |   0.0
       D:10 |    1523 |     955 |  38.5 |      19 |      20 |  51.3
       D:11 |     217 |       0 |   0.0 |       1 |       0 |   0.0
     Lair:1 |    2310 |     824 |  26.3 |       8 |       4 |  33.3
     Lair:2 |    6504 |    2398 |  26.9 |      21 |      12 |  36.4
     Lair:3 |    2653 |    2981 |  52.9 |      12 |      10 |  45.5
     Lair:4 |   13888 |    2569 |  15.6 |      45 |       9 |  16.7
     Lair:5 |    7514 |       0 |   0.0 |      29 |       0 |   0.0
   Gauntlet |       0 |     808 | 100.0 |       0 |       3 | 100.0
            +---------+---------+-------+---------+---------+-------
